 Dungeon Crawl Stone Soup version 0.25-a0-737-g26c3a87c45 (webtiles) character file.

Game seed: 16116826710529706981, levelgen mode: deterministic

476 Error4North the Chopper (level 7, -2/61 HPs)
             Began as a Hill Orc Fighter on Apr 13, 2020.
             Slain by an iguana (6 damage)
             ... on level 4 of the Dungeon.
             The game lasted 00:10:58 (3044 turns).

Error4North the Chopper (Hill Orc Fighter)          Turns: 3044, Time: 00:10:59

Health: -2/61      AC:  7    Str: 23 (25) XL:     7   Next: 10%
Magic:  7/7        EV:  8    Int:  6 (8)  God:
Gold:   236        SH:  0    Dex:  9 (12) Spells: 6/6 levels left

rFire    . . .     SeeInvis .   a - +0 war axe
rCold    . . .     Gourm    .   c - +0 kite shield
rNeg     . . .     Faith    .   b - +0 scale mail
rPois    +         Spirit   .   (helmet restricted)
rElec    .         Reflect  .   (no cloak)
rCorr    .         Harm     .   (no gloves)
MR       .....                  (no boots)
Stlth    ..........             (no amulet)
HPRegen  0.20/turn              l - ring of poison resistance
MPRegen  0.10/turn              j - +4 ring of strength

@: confused, brilliant
A: antennae 1, agile 1, no potion heal 1
a: no special abilities


You were on level 4 of the Dungeon.
You were hungry.

You visited 1 branch of the dungeon, and saw 4 of its levels.

You collected 236 gold pieces.

Inventory:

Hand Weapons
 a - a +0 war axe (weapon)
Missiles
 q - 6 boomerangs (quivered)
Armour
 b - a +0 scale mail (worn)
 c - a +0 kite shield (worn)
Jewellery
 j - a +4 ring of strength (right hand)
 l - a ring of poison resistance (left hand)
 t - an uncursed ring of see invisible
Scrolls
 g - a scroll of immolation {unknown}
 i - a scroll of identify
 k - 3 scrolls of teleportation {unknown}
 m - 2 scrolls of enchant weapon {unknown}
 n - 2 scrolls of magic mapping {unknown}
 o - a scroll of remove curse {unknown}
Potions
 s - a potion of flight {unknown}
 u - 2 potions of curing {unknown}
Comestibles
 d - 5 chunks of flesh
 f - 6 rations


   Skills:
 * Level 5.1 Fighting
 + Level 5.3 Axes
 + Level 0.6 Throwing
 * Level 5.1 Armour
 + Level 0.9 Dodging
 + Level 0.2 Stealth
 * Level 5.1 Shields


You had 6 spell levels left.
You didn't know any spells.
Your spell library was empty.

Dungeon Overview and Level Annotations

Branches:
Dungeon (4/15)
 Temple: D:4-7

Altars:
Gozag


Innate Abilities, Weirdness & Mutations

You have a pair of small antennae on your head.
You are agile. (Dex +2)
Potions are less effective at restoring your health.


Message History

The iguana bites you!
* * * LOW HITPOINT WARNING * * *
Your shield prevents you from hitting the iguana.
The iguana is heavily wounded.
The iguana bites you.
* * * LOW HITPOINT WARNING * * *
You block the iguana's attack.
Your shield and scale mail prevent you from hitting the iguana.
The iguana is heavily wounded.
The iguana barely misses you.
It was a potion of mutation.
You feel extremely strange. A pair of antennae grows on your head!
Your system partially rejects the healing effects of potions.
You feel agile.
The iguana bites you but does no damage.
It was a potion of ambrosia.
You are confused.
Your system partially rejects the healing.
You feel invigorated. The iguana bites you.
You die...

###..#.#............###.........
#...................# #.........
###...#..#..........####..#......
#...###..#..........#..#..#......
##....##.###..............#......
#......#.###............ ....$..
##...#....#....#.##..... ..#....
##.##......##....##....
######..######@## #.# #### #†l#
..... #...... #....... ###......
##...... ###.....


You could see an iguana.

Vanquished Creatures
  An ogre (D:3)
  2 scorpions (D:4)
  A howler monkey (D:4)
  A bullfrog skeleton (D:2)
  A jelly (D:4)
  2 worker ants (D:4)
  2 adders
  4 oozes
  3 worms
  5 dart slugs
  4 leopard geckos
  7 orcs
  10 bats
  A giant cockroach (D:1)
  6 goblins
  9 hobgoblins
  5 jackals
  2 quokkas
  3 frilled lizards
  16 kobolds
  A leopard gecko skeleton (D:4)
  6 rats
92 creatures vanquished.

Notes
Turn   | Place    | Note
-------+----------+-------------------------------------------
     0 | D:1      | Error4North the Hill Orc Fighter began the quest for the
                  | Orb.
     0 | D:1      | Reached XP level 1. HP: 19/19 MP: 1/1
    77 | D:1      | Reached XP level 2. HP: 17/27 MP: 2/2
   375 | D:1      | Reached XP level 3. HP: 33/33 MP: 3/3
  1181 | D:2      | Reached XP level 4. HP: 40/40 MP: 4/4
  1826 | D:3      | Found an opulent altar of Gozag.
  1876 | D:3      | Reached XP level 5. HP: 46/47 MP: 5/5
  2131 | D:3      | Noticed an ogre
  2137 | D:3      | Killed an ogre
  2343 | D:3      | Reached XP level 6. HP: 53/53 MP: 6/6
  2893 | D:4      | Reached skill level 5 in Axes
  2986 | D:4      | Reached skill level 5 in Armour
  2986 | D:4      | Reached skill level 5 in Shields
  2995 | D:4      | Reached skill level 5 in Fighting
  2995 | D:4      | Reached XP level 7. HP: 6/61 MP: 7/7
  3041 | D:4      | HP: 2/61 [iguana (5)]
  3043 | D:4      | Gained mutation: You have a pair of small antennae on your
                  | head. [potion of mutation]
  3043 | D:4      | Gained mutation: Potions are less effective at restoring
                  | your health. [potion of mutation]
  3043 | D:4      | Gained mutation: You are agile. (Dex +2) [potion of
                  | mutation]
  3044 | D:4      | Slain by an iguana

Levels and vault maps discovered:
D:1:      denvon_arrival_waterhouse, layout_basic, hex_intersection
D:2:      layout_basic, serial_bayou_pond_b
D:3:      layout_basic, minivault_4, st_stairs_4, minmay_door_square,
          grunt_gozag_breadcrumbs
D:4:      layout_cave_pools, serial_shops, nicolae_shop_behind_doors,
          enter_ossuary_4

Skill      XL: |  1  2  3  4  5  6 |
---------------+-------------------+-----
Fighting       | 4 5 |  5.1
Axes           | 3 4 5 |  5.3
Shields        | 4 5 |  5.1
Armour         | 4 5 |  5.1
Throwing       | |  0.6
Dodging        | |  0.9
Stealth        | |  0.2

Action                   |  1- 3 |  4- 6 |  7- 9 || total
-------------------------+-------+-------+-------++-------
Melee: War axe           |   110 |   197 |    14 ||   321
Throw: Boomerang         |       |    18 |     2 ||    20
  Use: Potion            |       |     1 |     5 ||     6
       Scroll            |       |     3 |       ||     3
  Eat: Chunk             |     1 |     6 |       ||     7
Armor: Scale mail        |    59 |    67 |     6 ||   132
Dodge: Dodged            |    33 |    55 |     4 ||    92
Block: Kite shield       |    74 |    96 |     9 ||   179

Table legend:
 A = Non-vault XP
 B = Vault XP
 C = Vault XP percentage of total XP
 D = Non-vault monster count
 E = Vault monster count
 F = Vault count percentage of total count
                 A         B        C        D         E       F
            +---------+---------+-------+---------+---------+-------
      Total |     668 |      12 |   1.8 |      88 |       4 |   4.3
            +---------+---------+-------+---------+---------+-------
        D:1 |      64 |       0 |   0.0 |      32 |       0 |   0.0
        D:2 |      97 |       2 |   2.0 |      22 |       1 |   4.3
        D:3 |     181 |      10 |   5.2 |      20 |       3 |  13.0
        D:4 |     326 |       0 |   0.0 |      14 |       0 |   0.0
            +---------+---------+-------+---------+---------+-------
